[Event "Titled Tuesday Blitz July 11 Early 2023"]
[White "Zemlyanskii, Ivan"]
[Black "Vokhidov, Shamsiddin"]
[WhiteFideId "24249971"]
[BlackFideId "14204223"]
[WhiteElo "2791"]
[BlackElo "2927"]
[Result "1-0"]
[Round "8"]
[TimeControl "180+2"]
[Date "2023.07.11"]
[WhiteClock "0:00:49"]
[BlackClock "0:00:39"]
[Board "14"]

1. d4 Nf6 2. c4 e6 3. Bf4 d5 4. Nc3 Bb4 5. Qa4+ Nc6 6. e3 O-O 7. Nf3 Ne4 8. Qc2 Na5 9. a3 Bxc3+ 10. bxc3 b6 11. cxd5 exd5 12. Bd3 Bb7 13. O-O c5 14. dxc5 bxc5 15. Rab1 f6 16. c4 Re8 17. Rfd1 Qe7 18. cxd5 Bxd5 19. Bb5 Red8 20. Qa4 a6 21. Rxd5 Rxd5 22. Qxa5 Kh8 23. Bc6 1-0


[Site "https://www.chess.com"]

[Event "Titled Tuesday Blitz July 11 Early 2023"]
[White "Keymer, Vincent"]
[Black "Suleymanli, Suleyman"]
[WhiteFideId "12940690"]
[BlackFideId "13416375"]
[WhiteElo "2922"]
[BlackElo "2734"]
[Result "1-0"]
[Round "8"]
[TimeControl "180+2"]
[Date "2023.07.11"]
[WhiteClock "0:00:18"]
[BlackClock "0:00:00"]
[Board "15"]

1. a3 d5 2. Nf3 c5 3. b4 cxb4 4. axb4 Nf6 5. e3 e6 6. b5 Bd6 7. Bb2 O-O 8. c4 dxc4 9. Bxc4 Nbd7 10. O-O b6 11. Be2 Bb7 12. d3 a6 13. Nc3 a5 14. Nd4 Rc8 15. h3 Nc5 16. Nc6 Bxc6 17. bxc6 Rxc6 18. d4 Ncd7 19. e4 Bb4 20. Nb5 Nxe4 21. d5 exd5 22. Qxd5 Re6 23. Bg4 Re7 24. Rad1 Nec5 25. Nd4 Re5 26. Qf3 h5 27. Bxd7 Nxd7 28. Nc6 Qf6 29. Qxf6 gxf6 30. Rxd7 Re6 31. Nxb4 axb4 32. Rd4 Rc8 33. Rxb4 Rc2 34. g3 Kg7 35. Bd4 Rcc6 36. Be3 Kg6 37. Rfb1 Rcd6 38. Rxb6 Rxb6 39. Rxb6 Re5 40. Kg2 Rf5 41. Bd4 Kg5 42. f4+ Kg6 43. Kf3 Rd5 44. Ke4 1-0


[Site "https://www.chess.com"]

[Event "Titled Tuesday Blitz July 11 Early 2023"]
[White "Movahed, Sina"]
[Black "Schmakel, Sam"]
[WhiteFideId "42520835"]
[BlackFideId "2039311"]
[WhiteElo "3001"]
[BlackElo "2775"]
[Result "1/2-1/2"]
[Round "8"]
[TimeControl "180+2"]
[Date "2023.07.11"]
[WhiteClock "0:00:08"]
[BlackClock "0:00:09"]
[Board "16"]

1. e4 Nc6 2. Nf3 d6 3. Bb5 a6 4. Bxc6+ bxc6 5. O-O g6 6. d4 Bg7 7. Nbd2 Nf6 8. e5 Nd5 9. Re1 O-O 10. h3 Rb8 11. c4 Nb4 12. Ne4 d5 13. cxd5 cxd5 14. Nc5 Bf5 15. Re2 f6 16. a3 Nc6 17. e6 Be4 18. Re1 Bxf3 19. Qxf3 Nxd4 20. Qd3 f5 21. Nd7 Rb3 22. Qd1 Rb5 23. Nxf8 Qxf8 24. Bd2 c5 25. Bc3 Qc8 26. Rc1 Qb7 27. b4 h5 28. bxc5 Nb3 29. Bxg7 Nxc1 30. Be5 Nb3 31. g4 fxg4 32. hxg4 Qc6 33. Qc2 Qxe6 34. c6 Qxg4+ 35. Kh2 Qh4+ 36. Kg2 Qg4+ 37. Bg3 Nd4 38. Qc3 Rb3 39. Qc5 h4 40. Qxd5+ e6 41. Qe4 h3+ 42. Kh1 Qxe4+ 43. Rxe4 Rb1+ 44. Kh2 Nxc6 45. Kxh3 Kf7 46. Rc4 Ne7 47. Rc7 Ke8 48. Ra7 Rb6 49. Ra8+ Kf7 50. Bc7 Rc6 51. Be5 Nd5 52. Kg4 Rc4+ 53. Kg5 Ra4 54. Ra7+ Ke8 55. Bd6 Kd8 56. Kxg6 Re4 57. Kf7 Re2 58. f4 Nxf4 59. Bxf4 Rf2 60. Ra8+ Kd7 61. Ra7+ Kc6 62. Rxa6+ Kb5 63. Ra7 Rxf4+ 64. Kxe6 Ra4 65. Rb7+ Kc4 66. Rc7+ Kb3 67. Rb7+ Kxa3 68. Kd5 Rb4 69. Ra7+ Ra4 70. Rh7 Rb4 71. Rh3+ Rb3 72. Rh1 Rb8 73. Kc4 Rc8+ 74. Kb5 Rb8+ 75. Kc4 Rc8+ 76. Kd5 Rd8+ 77. Kc6 Rb8 78. Kc7 Rb2 79. Kc6 Rb8 80. Kc5 Rc8+ 1/2-1/2


[Site "https://www.chess.com"]

[Event "Titled Tuesday Blitz July 11 Early 2023"]
[White "Wagner, Dennis"]
[Black "Bluebaum, Matthias"]
[WhiteFideId "24650684"]
[BlackFideId "24651516"]
[WhiteElo "2724"]
[BlackElo "3037"]
[Result "0-1"]
[Round "8"]
[TimeControl "180+2"]
[Date "2023.07.11"]
[WhiteClock "0:00:00"]
[BlackClock "0:00:53"]
[Board "17"]

1. c4 e6 2. g3 d5 3. Bg2 Nf6 4. Nf3 Nc6 5. d4 Bd6 6. O-O O-O 7. b3 a5 8. Nc3 Ne4 9. Nxe4 dxe4 10. Ng5 f5 11. d5 Be5 12. Rb1 exd5 13. cxd5 Nb4 14. Ne6 Bxe6 15. dxe6 Qf6 16. a3 Nc6 17. Bd2 Qxe6 18. e3 Rfd8 19. Qc2 Qd6 20. Qc4+ Qd5 21. Rfd1 Qxc4 22. bxc4 b6 23. Bf1 Rd7 24. Be1 Rxd1 25. Rxd1 Bd6 26. Ra1 Rd8 27. Be2 Bc5 28. Bc3 Bd6 29. h4 Be5 30. Bxe5 Nxe5 31. Ra2 Kf7 32. Kg2 Kf6 33. Rc2 c5 34. Rb2 Rd6 35. Rc2 g6 36. Rb2 h6 37. Rc2 g5 38. hxg5+ hxg5 39. Rb2 Nd3 40. Rb1 f4 41. gxf4 gxf4 42. exf4 Nxf4+ 43. Kf1 Ke5 44. Rb2 Rh6 45. Ke1 Kd4 46. Bf1 Kc3 47. Rb1 Kc2 48. Rb5 Rf6 49. Be2 Nd3+ 0-1


[Site "https://www.chess.com"]

[Event "Titled Tuesday Blitz July 11 Early 2023"]
[White "Svane, Rasmus"]
[Black "Jarovinsky, Alexey"]
[WhiteFideId "4657101"]
[BlackFideId "14115131"]
[WhiteElo "2945"]
[BlackElo "2727"]
[Result "1/2-1/2"]
[Round "8"]
[TimeControl "180+2"]
[Date "2023.07.11"]
[WhiteClock "0:00:11"]
[BlackClock "0:00:04"]
[Board "18"]

1. Nf3 g6 2. e4 Bg7 3. d4 d6 4. Bd3 Nc6 5. c3 e5 6. dxe5 dxe5 7. O-O f6 8. Bc4 Qxd1 9. Rxd1 Bh6 10. Na3 a6 11. h3 Bxc1 12. Raxc1 Nh6 13. Nc2 Bd7 14. Ne3 O-O-O 15. Nd5 Rhf8 16. b4 Kb8 17. Rd2 Be6 18. Rcd1 Bg8 19. a4 Rd6 20. Ne3 Rxd2 21. Rxd2 Rd8 22. Rxd8+ Nxd8 23. Kf1 c6 24. a5 Kc7 25. Ke2 Bxc4+ 26. Nxc4 Ne6 27. Ne1 Nf4+ 28. Ke3 Nf7 29. h4 h5 30. g3 Ne6 31. Nd3 Nd6 32. Nxd6 Kxd6 33. f4 exf4+ 34. gxf4 f5 35. Ne5 Nf8 36. Nc4+ Ke6 37. e5 Kd5 38. Nb6+ Ke6 39. Kd4 Ke7 40. Ke3 Ne6 41. Nc4 Kd7 42. Nd6 Kc7 43. c4 Nf8 44. Nf7 Ne6 45. Nh8 Nf8 46. Nf7 Ne6 47. Nd6 Nf8 48. Ne8+ Kd7 49. Nf6+ Kc7 50. c5 Ne6 51. Ne8+ Kd8 52. Nd6 Kc7 53. Nc4 Kd7 54. Nb2 Kc7 55. Nd1 Kd7 56. Nc3 Kc7 57. Ne2 Kd7 58. Kd3 Kc7 59. Ke3 Kd7 60. Kf3 Kc7 61. Nc1 Kd7 62. Nb3 Kc7 63. Ke3 Kd7 64. Nd2 Kc7 65. Nc4 Nf8 66. Nd6 Ne6 67. Kf3 Nd4+ 68. Kf2 Ne6 69. Ke3 Nf8 70. Nf7 Ne6 71. Kf3 Nf8 72. e6 Nxe6 73. Ne5 Nf8 74. Ke3 Kd8 75. Nc4 Ne6 76. Nd6 Kc7 77. Kf3 Kb8 78. Nf7 Kc7 79. Ne5 Nf8 80. Ke3 Kd8 81. Kd3 Kc7 82. Kc3 Kd8 83. Kd2 Kc7 84. Ke3 1/2-1/2


[Site "https://www.chess.com"]

[Event "Titled Tuesday Blitz July 11 Early 2023"]
[White "De La Villa Garcia, Jesus Maria"]
[Black "Ibarra Jerez, Jose Carlos"]
[WhiteFideId "2200040"]
[BlackFideId "2226332"]
[WhiteElo "2717"]
[BlackElo "2909"]
[Result "0-1"]
[Round "8"]
[TimeControl "180+2"]
[Date "2023.07.11"]
[WhiteClock "0:00:00"]
[BlackClock "0:00:26"]
[Board "19"]

1. c4 e5 2. g3 Nf6 3. Bg2 c6 4. d4 e4 5. d5 Bb4+ 6. Bd2 Qe7 7. Nc3 O-O 8. Nh3 cxd5 9. cxd5 d6 10. Nxe4 Bxh3 11. Nxf6+ Qxf6 12. Bxh3 Qxb2 13. Bxb4 Qxb4+ 14. Qd2 Na6 15. Qxb4 Nxb4 16. Rb1 Nxd5 17. Rxb7 Rab8 18. Rxb8 Rxb8 19. O-O Nc3 20. Re1 Rb2 21. e3 Rxa2 22. Bf1 Ne4 23. Rc1 g6 24. Rc7 d5 25. Bg2 Ra1+ 26. Bf1 Nd2 27. Kg2 Rxf1 28. Rxa7 Rd1 29. Ra8+ Kg7 30. Rd8 Ne4 31. f3 Rd2+ 32. Kh3 Ng5+ 33. Kg4 Ne6 34. Rd7 h5+ 35. Kh3 Ng5+ 36. Kh4 Nxf3+ 0-1


[Site "https://www.chess.com"]

[Event "Titled Tuesday Blitz July 11 Early 2023"]
[White "Gholami Orimi, Mahdi"]
[Black "Matinian, Nikita"]
[WhiteFideId "12558486"]
[BlackFideId "24129100"]
[WhiteElo "2903"]
[BlackElo "2708"]
[Result "1/2-1/2"]
[Round "8"]
[TimeControl "180+2"]
[Date "2023.07.11"]
[WhiteClock "0:00:03"]
[BlackClock "0:00:02"]
[Board "20"]

1. b3 Nf6 2. Bb2 g6 3. f4 Bg7 4. Nf3 d5 5. e3 c6 6. Be2 Bg4 7. O-O Nbd7 8. h3 Bxf3 9. Bxf3 Qc7 10. d4 h5 11. Nd2 h4 12. c4 e6 13. b4 Nh5 14. b5 Ng3 15. Rf2 O-O 16. a4 Rfe8 17. Nf1 Nf5 18. Rc2 Qd8 19. Qd2 Rc8 20. a5 a6 21. cxd5 cxd5 22. bxa6 bxa6 23. Be2 Rxc2 24. Qxc2 Qa8 25. Qc7 Nf6 26. Ba3 Ne4 27. Qb6 Nxd4 28. Bxa6 Rb8 29. Qc7 Ne2+ 30. Bxe2 Bxa1 31. a6 d4 32. Kh2 Rb1 33. Qc2 Re1 34. Bb4 Bc3 35. Ba3 dxe3 36. Qd3 Ba5 37. Bb2 Bb6 38. Bf3 e2 39. Bxe2 Ng3 40. Nxg3 Bg1+ 41. Kh1 hxg3 42. Bf1 Bf2 43. Be5 Rc1 44. Bb2 Re1 45. Bc3 Rc1 46. Bb2 Re1 1/2-1/2


[Site "https://www.chess.com"]

[Event "Titled Tuesday Blitz July 11 Early 2023"]
[White "Antipov, Mikhail Al."]
[Black "NikaVolkov"]
[WhiteFideId "4107012"]
[WhiteElo "2889"]
[BlackElo "2706"]
[Result "1/2-1/2"]
[Round "8"]
[TimeControl "180+2"]
[Date "2023.07.11"]
[WhiteClock "0:00:06"]
[BlackClock "0:00:03"]
[Board "21"]

1. e4 c5 2. Nf3 e6 3. b3 d5 4. Bb5+ Bd7 5. Bxd7+ Nxd7 6. exd5 exd5 7. O-O Ngf6 8. Re1+ Be7 9. Qe2 Rc8 10. Ba3 Rc6 11. Nd4 cxd4 12. Bxe7 Qc8 13. Bxf6+ Re6 14. Bxg7 Rxe2 15. Rxe2+ Kd8 16. Bxh8 Qxc2 17. Na3 Qb2 18. Rae1 Qxa3 19. Bxd4 Qxa2 20. h3 Qxb3 21. Re8+ Kc7 22. Rc1+ Kd6 23. Bxa7 Qb2 24. Ree1 b6 25. Rb1 Qxd2 26. Bxb6 Nxb6 27. Rxb6+ Kc5 28. Reb1 d4 29. Rf6 d3 30. Rxf7 Qe2 31. Rc1+ Kd6 32. Rf6+ Ke5 33. Rf8 d2 34. Re8+ Kd6 35. Rd8+ Ke7 36. Rxd2 Qxd2 37. Rf1 Kf6 38. g3 Qd5 39. Re1 Qh5 40. Kg2 Qd5+ 41. Kg1 Qd7 42. Kg2 Qd2 43. Re3 Qd5+ 44. Kh2 h5 45. h4 Kf5 46. g4+ hxg4 47. h5 Kg5 48. Kg1 Kxh5 49. Rg3 Kg5 50. Re3 Kf4 51. Rg3 Qd1+ 52. Kg2 Qd5+ 53. Kg1 Qh5 54. Kg2 Qh8 55. Kg1 Qa1+ 56. Kg2 Qc1 57. Re3 Qc6+ 58. Kg1 Qc5 59. Rg3 Qd5 60. Re3 Qd7 61. Kg2 Qc6+ 62. Kg1 Qc1+ 63. Kg2 Qd1 64. Rg3 Ke4 65. Re3+ Kd4 66. Rg3 Kc4 67. Re3 Qd5+ 68. Kg1 Kd4 69. Rg3 Qe4 70. Re3 Qa8 71. Rg3 Qa1+ 72. Kg2 Qd1 73. Re3 Kc4 74. Rg3 Qd5+ 75. Kg1 Qe4 76. Re3 Qb1+ 77. Kg2 Kd4 78. Rg3 Qd1 79. Re3 Kc4 80. Rg3 Qd5+ 81. Kg1 Qe4 82. Ra3 Qe1+ 83. Kg2 Qe4+ 84. Kg1 Kb4 85. Re3 Qxe3 86. fxe3 Kc4 87. Kf2 Kd3 88. Kg3 Kxe3 89. Kxg4 1/2-1/2


[Site "https://www.chess.com"]

[Event "Titled Tuesday Blitz July 11 Early 2023"]
[White "Zhigalko, Sergei"]
[Black "djokovic74"]
[WhiteFideId "13502956"]
[WhiteElo "2877"]
[BlackElo "2707"]
[Result "1-0"]
[Round "8"]
[TimeControl "180+2"]
[Date "2023.07.11"]
[WhiteClock "0:00:08"]
[BlackClock "0:00:06"]
[Board "22"]

1. e4 e6 2. d4 d5 3. e5 c5 4. c3 Nc6 5. Nf3 Qb6 6. Bd3 cxd4 7. O-O Bd7 8. Re1 Nge7 9. h4 h6 10. h5 a6 11. a3 Rc8 12. b4 dxc3 13. Nxc3 Nxb4 14. Na4 Bxa4 15. Qxa4+ Nbc6 16. Bd2 Qc7 17. Rab1 Rg8 18. Bh7 Rh8 19. Bd3 Rg8 20. Nh2 Rh8 21. Ng4 Nf5 22. Bxf5 exf5 23. Ne3 Qd7 24. Qf4 Be7 25. Nxf5 Bg5 26. Qg4 Kd8 27. Bxg5+ hxg5 28. Qxg5+ Kc7 29. Nd6 Rb8 30. Rec1 f6 31. Qg6 fxe5 32. Nf5 Rhg8 33. a4 Rbf8 34. Ne3 Rf6 35. Qg3 Kb8 36. Rc5 d4 37. Nc4 Ka8 38. Nxe5 Nxe5 39. Qxe5 Re8 40. Rc7 Rxe5 41. Rxd7 b6 42. Rc1 Rc5 43. Re1 Kb8 44. Re8+ Rc8 45. Ree7 Rc1+ 46. Kh2 Rxf2 47. Rxg7 b5 48. axb5 axb5 49. h6 Rf6 50. h7 Rh6+ 51. Kg3 Rc8 52. Rg8 b4 53. Rxc8+ Kxc8 54. Rg7 b3 55. Rg8+ Kc7 56. h8=Q Rxh8 57. Rxh8 b2 58. Rh1 Kc6 59. Rb1 Kc5 60. Rxb2 Kc4 61. Kf3 Kc3 62. Rb8 d3 63. Ke3 d2 64. Rc8+ 1-0


[Site "https://www.chess.com"]

[Event "Titled Tuesday Blitz July 11 Early 2023"]
[White "Materia, Marco"]
[Black "Galchenko, Matvey"]
[WhiteFideId "45150451"]
[BlackFideId "24175480"]
[WhiteElo "2696"]
[BlackElo "2868"]
[Result "1/2-1/2"]
[Round "8"]
[TimeControl "180+2"]
[Date "2023.07.11"]
[WhiteClock "0:00:21"]
[BlackClock "0:00:20"]
[Board "23"]

1. d4 Nf6 2. c4 c5 3. d5 e6 4. Nc3 exd5 5. cxd5 d6 6. e4 g6 7. Nf3 a6 8. a4 Bg4 9. Be2 Bxf3 10. Bxf3 Bg7 11. O-O Nbd7 12. g3 O-O 13. Bg2 Re8 14. Qc2 Rb8 15. a5 b5 16. axb6 Qxb6 17. Ra2 Ne5 18. Bf4 Nfd7 19. Rfa1 a5 20. Nd1 Ra8 21. Bd2 c4 22. Bxa5 Qb3 23. Ne3 Nc5 24. Ra3 Qxc2 25. Nxc2 Nb3 26. R1a2 Nd3 27. Bc3 Rxa3 28. Rxa3 Nxb2 29. Bb4 Rd8 30. Ra6 Nd4 31. Nxd4 Bxd4 32. Rxd6 Rxd6 33. Bxd6 c3 34. Bf1 g5 35. Be7 h6 36. Bb4 f6 37. d6 Kf7 38. d7 Bb6 39. Bxc3 Nd1 40. Be1 Ke7 41. Be2 Nb2 42. Bg4 Nd3 43. Kf1 Ne5 44. Bb4+ Kd8 45. Bf5 Nxd7 46. f4 gxf4 47. gxf4 Be3 48. Bd6 Nb6 49. Ke2 Bg1 50. h3 Nc4 51. Bf8 h5 52. Be6 Nb6 53. Bf7 h4 54. e5 Nd7 55. Bg7 Ke7 56. e6 Nc5 57. f5 Bh2 58. Kf3 Nd3 59. Bh5 Ne5+ 60. Kg2 Bg3 61. Bh6 Nc4 62. Bc1 Bd6 63. Kf3 Ne5+ 64. Ke4 Nc4 65. Bh6 Bc7 66. Be2 Nd6+ 67. Kd5 Nxf5 68. Bd2 Bd6 69. Bg4 Ng7 70. Bh6 Ne8 71. Ke4 Nc7 72. Be3 Nxe6 73. Bf2 Bg3 74. Bxg3 hxg3 75. Kf3 g2 76. Kxg2 Ng5 77. h4 Nf7 78. Kf3 Nh6 79. Kf4 Kf7 80. Bf3 Kg6 81. Be2 Kg7 82. Bf3 Nf7 83. Bg4 Nd6 84. Bf3 Kh6 85. Bg4 Kg6 86. Bf3 Nf7 87. Be4+ Kg7 88. Kf5 Ne5 89. Kf4 Nf7 90. Kf5 Ne5 91. Kf4 Nf7 1/2-1/2


[Site "https://www.chess.com"]

[Event "Titled Tuesday Blitz July 11 Early 2023"]
[White "Grandelius, Nils"]
[Black "Lavrik, Dmitry"]
[WhiteFideId "1710400"]
[BlackFideId "24113190"]
[WhiteElo "2865"]
[BlackElo "2685"]
[Result "1-0"]
[Round "8"]
[TimeControl "180+2"]
[Date "2023.07.11"]
[WhiteClock "0:01:05"]
[BlackClock "0:00:00"]
[Board "24"]

1. c4 c5 2. Nf3 g6 3. e3 Bg7 4. d4 cxd4 5. exd4 Nf6 6. Nc3 d5 7. c5 O-O 8. h3 Nc6 9. Bb5 Ne4 10. O-O Bf5 11. Ne2 h6 12. a3 g5 13. Be3 Bg6 14. Bxc6 bxc6 15. Ne5 Qc7 16. f3 Nf6 17. b4 Nd7 18. Nxg6 fxg6 19. f4 gxf4 20. Nxf4 Rf6 21. Qg4 Nf8 22. Nd3 h5 23. Qe2 Re8 24. Bf4 Qc8 25. Be5 Nh7 26. Bxf6 exf6 27. Qc2 Ng5 28. Nf4 Re4 29. Nxg6 Nxh3+ 30. gxh3 Qxh3 31. Nf4 Qg3+ 32. Qg2 Qe3+ 33. Qf2 1-0


[Site "https://www.chess.com"]

[Event "Titled Tuesday Blitz July 11 Early 2023"]
[White "Sattarov, Bobir"]
[Black "Komov, Roman"]
[WhiteFideId "14203081"]
[BlackFideId "24175714"]
[WhiteElo "2841"]
[BlackElo "2664"]
[Result "1-0"]
[Round "8"]
[TimeControl "180+2"]
[Date "2023.07.11"]
[WhiteClock "0:00:09"]
[BlackClock "0:00:02"]
[Board "25"]

1. e4 c5 2. Nf3 d6 3. Nc3 e5 4. Bc4 Nc6 5. d3 Be7 6. Nd2 Bg5 7. Nf1 Bxc1 8. Qxc1 Nge7 9. h4 Be6 10. Ne3 a6 11. a4 Nd4 12. h5 h6 13. Ncd5 O-O 14. c3 Ndc6 15. O-O Na5 16. Ba2 b5 17. axb5 axb5 18. Nxe7+ Qxe7 19. Bd5 Ra7 20. b4 cxb4 21. cxb4 Nb3 22. Bxb3 Rxa1 23. Qxa1 Bxb3 24. Qa6 Qd7 25. Rc1 d5 26. Qa3 d4 27. Nf1 Be6 28. Rc5 f6 29. f3 Rc8 30. Qc1 Rxc5 31. Qxc5 Bf7 32. g4 g6 33. hxg6 Bxg6 34. Ng3 Kg7 35. Kf2 Qb7 36. Ne2 Qd7 37. Kg3 Bf7 38. f4 Qe8 39. fxe5 fxe5 40. Ng1 h5 41. Nf3 Qd7 42. Qxe5+ Kg8 43. gxh5 Be6 44. h6 Kh7 45. Qf6 Qg7+ 1-0


[Site "https://www.chess.com"]

[Event "Titled Tuesday Blitz July 11 Early 2023"]
[White "Nefedov, Sergey"]
[Black "Pakleza, Zbigniew"]
[WhiteFideId "24113417"]
[BlackFideId "1119290"]
[WhiteElo "2642"]
[BlackElo "2819"]
[Result "0-1"]
[Round "8"]
[TimeControl "180+2"]
[Date "2023.07.11"]
[WhiteClock "0:00:00"]
[BlackClock "0:00:04"]
[Board "26"]

1. d4 d6 2. Nf3 Bg4 3. c4 c6 4. Nc3 Nd7 5. Qb3 Qb6 6. Qxb6 axb6 7. e3 e6 8. Be2 d5 9. e4 dxc4 10. Bxc4 Ngf6 11. Be3 b5 12. Bd3 Bb4 13. Ke2 Bh5 14. Rhc1 O-O 15. h3 Bg6 16. Nd2 e5 17. f3 Rfd8 18. a3 Be7 19. d5 h5 20. Nb3 h4 21. dxc6 bxc6 22. a4 bxa4 23. Nxa4 Rab8 24. Bc4 Nh5 25. Rc2 Kh7 26. Nbc5 Nxc5 27. Nxc5 Ng3+ 28. Kf2 Bxc5 29. Bxc5 Bxe4 30. fxe4 Nxe4+ 31. Ke2 Nxc5 32. Bxf7 Ne4 33. Ra4 Rxb2 34. Rxb2 Nc3+ 35. Ke3 Nxa4 36. Rb4 Rd4 37. Rxd4 exd4+ 38. Kxd4 Kh6 39. Be8 c5+ 40. Kc4 Nb2+ 41. Kxc5 Kg5 42. Kd4 Kf4 43. Bh5 Na4 44. Bd1 Nb6 45. Kc5 Nd7+ 46. Kd6 Ne5 47. Ke6 Nd3 48. Bf3 Ne1 49. Bd5 Kg3 50. Kf7 Nxg2 51. Be6 Nf4 52. Bd7 g5 53. Kf6 Nxh3 54. Kg6 g4 55. Kh5 Nf2 56. Kg5 h3 57. Bc6 h2 0-1


[Site "https://www.chess.com"]

[Event "Titled Tuesday Blitz July 11 Early 2023"]
[White "Vakhlamov, Igor L."]
[Black "Skliarov, Viktor"]
[WhiteFideId "24126748"]
[BlackFideId "14106736"]
[WhiteElo "2813"]
[BlackElo "2637"]
[Result "0-1"]
[Round "8"]
[TimeControl "180+2"]
[Date "2023.07.11"]
[WhiteClock "0:00:00"]
[BlackClock "0:01:38"]
[Board "27"]

1. e4 c5 2. Nf3 Nc6 3. Nc3 Nf6 4. Bb5 Nd4 5. e5 Nxb5 6. Nxb5 Nd5 7. Ng5 f6 8. Qf3 Nb4 9. exf6 exf6 10. Qe4+ Qe7 11. Nd6+ Kd8 12. Ngf7+ Kc7 13. Kd1 Qxe4 14. Nxe4 Rg8 15. d3 d5 16. Bf4+ Kc6 17. Ned6 Be6 18. Re1 Kd7 19. Kd2 g5 20. Bg3 h5 21. h3 h4 22. Bh2 Rg7 23. Nxb7 Rxf7 24. Re2 Bf5 25. Rae1 a5 26. a3 Nc6 27. c3 Ra7 28. g4 hxg3 29. Nxc5+ Bxc5 30. Re7+ Bxe7 31. Rxe7+ Nxe7 0-1


[Site "https://www.chess.com"]

[Event "Titled Tuesday Blitz July 11 Early 2023"]
[White "Llorente Zaro, Alfonso"]
[Black "Iskusnyh, Sergei"]
[WhiteFideId "2254131"]
[BlackFideId "4120027"]
[WhiteElo "2805"]
[BlackElo "2626"]
[Result "0-1"]
[Round "8"]
[TimeControl "180+2"]
[Date "2023.07.11"]
[WhiteClock "0:00:10"]
[BlackClock "0:00:39"]
[Board "28"]

1. e4 e6 2. Nc3 d5 3. d4 Nf6 4. Bg5 dxe4 5. Nxe4 Nbd7 6. Bd3 h6 7. Bxf6 Nxf6 8. Nf3 Nxe4 9. Bxe4 c5 10. c3 Be7 11. dxc5 Bxc5 12. Qxd8+ Kxd8 13. Rd1+ Ke7 14. Ne5 a5 15. Ke2 Ra6 16. Rd2 Bd6 17. Nc4 Bc7 18. a4 Rd8 19. Rxd8 Kxd8 20. Rd1+ Ke7 21. g3 g5 22. b3 g4 23. Na3 Bd7 24. Nb5 Bxb5+ 25. axb5 Ra7 26. Rd4 b6 27. Bc6 Be5 28. Rxg4 Bxc3 29. Kd3 Bf6 30. h4 Rc7 31. Rg8 Be5 32. f4 Bd6 33. h5 Ra7 34. Ke4 a4 35. bxa4 Rxa4+ 36. Kf3 Ra3+ 37. Kg2 Ra2+ 38. Kh3 Ra3 39. Kh4 Bc5 40. Kh3 Bf2 41. Kg2 Bc5 42. Rh8 Kf6 43. Rxh6+ Kg7 0-1


[Site "https://www.chess.com"]

[Event "Titled Tuesday Blitz July 11 Early 2023"]
[White "Piesik, Piotr"]
[Black "Bachmann, Axel"]
[WhiteFideId "1136194"]
[BlackFideId "3700488"]
[WhiteElo "2613"]
[BlackElo "2800"]
[Result "0-1"]
[Round "8"]
[TimeControl "180+2"]
[Date "2023.07.11"]
[WhiteClock "0:01:43"]
[BlackClock "0:01:13"]
[Board "29"]

1. Nf3 Nf6 2. g3 d5 3. Bg2 Bg4 4. O-O Nbd7 5. d3 e5 6. Nbd2 h6 7. e4 dxe4 8. dxe4 c6 9. h3 Be6 10. Qe2 b5 11. a4 a6 12. axb5 axb5 13. Rxa8 Qxa8 14. b3 Qa2 15. Ne1 Bc5 16. Kh2 h5 17. Ndf3 Bxb3 18. Bg5 Be7 19. Qe3 Bc4 20. Nd3 Qxc2 21. Nfe1 Qc3 22. f4 Ng4+ 23. hxg4 hxg4+ 24. Kg1 Bc5 0-1


[Site "https://www.chess.com"]

[Event "Titled Tuesday Blitz July 11 Early 2023"]
[White "Kosteniuk, Alexandra"]
[Black "Weishaeutel, Moritz"]
[WhiteFideId "4128125"]
[BlackFideId "12967300"]
[WhiteElo "2789"]
[BlackElo "2607"]
[Result "1-0"]
[Round "8"]
[TimeControl "180+2"]
[Date "2023.07.11"]
[WhiteClock "0:00:28"]
[BlackClock "0:00:00"]
[Board "30"]

1. e4 e5 2. Nf3 Nf6 3. Nxe5 Nxe4 4. Qe2 Qe7 5. Qxe4 d6 6. d4 dxe5 7. dxe5 Nc6 8. Nc3 Qxe5 9. Qxe5+ Nxe5 10. Bf4 Bd6 11. Nb5 Nf3+ 12. Ke2 Nd4+ 13. Nxd4 Bxf4 14. Kf3 Be5 15. Re1 f6 16. Bb5+ Ke7 17. Bd3 Rd8 18. Nf5+ Kf8 19. Ne3 Bxb2 20. Bxh7 Be6 21. Rb1 Bd4 22. Be4 Rab8 23. Rxb7 Rxb7 24. Bxb7 Bxa2 25. Rd1 Rb8 26. Rxd4 Rxb7 27. Ra4 Be6 28. Ra5 Ke7 29. h4 Kd6 30. g4 Kc6 31. Ra6+ Kd7 32. g5 fxg5 33. hxg5 Rb5 34. Kf4 Rb4+ 35. Kg3 Rb7 36. f4 g6 37. Ng4 Rb1 38. Ne5+ Kc8 39. Rxe6 1-0


[Site "https://www.chess.com"]

[Event "Titled Tuesday Blitz July 11 Early 2023"]
[White "Gorovets, Andrey"]
[Black "Altman, Joshua"]
[WhiteFideId "13504037"]
[BlackFideId "426210"]
[WhiteElo "2763"]
[BlackElo "2604"]
[Result "1-0"]
[Round "8"]
[TimeControl "180+2"]
[Date "2023.07.11"]
[WhiteClock "0:00:04"]
[BlackClock "0:00:01"]
[Board "31"]

1. d4 Nf6 2. Nf3 e6 3. c4 b6 4. g3 Bb7 5. Bg2 Bb4+ 6. Bd2 Bxd2+ 7. Qxd2 O-O 8. O-O d6 9. Qf4 Nbd7 10. Nc3 Qe7 11. e4 e5 12. Qe3 Rfe8 13. Rfe1 g6 14. Rad1 a5 15. b3 Rac8 16. Bh3 Rcd8 17. d5 Nc5 18. Nd2 Bc8 19. Bxc8 Rxc8 20. a3 Ra8 21. b4 axb4 22. axb4 Na4 23. Nb5 Qd7 24. Qb3 Ra6 25. Ra1 Rea8 26. Ra3 c6 27. dxc6 Qxc6 28. Kg2 d5 29. exd5 Nxd5 30. Qf3 Nxb4 31. Qxc6 Nxc6 32. Nc7 Nc5 33. Nxa6 Rxa6 34. Rxa6 Nxa6 35. Ra1 Nab4 36. g4 Kg7 37. g5 h6 38. h4 hxg5 39. hxg5 f6 40. gxf6+ Kxf6 41. Ra8 Nd4 42. Rb8 Kf5 43. Rxb6 Nd3 44. Rb8 Nf4+ 45. Kf1 Nd3 46. Rf8+ Ke6 47. Ne4 Nb3 48. Rf6+ Ke7 49. Rxg6 Nf4 50. Ra6 Nd4 51. c5 Kd7 52. Kg1 Kc7 53. Kh2 Nd3 54. Kg3 Nb4 55. Rd6 Nf5+ 56. Kg4 Nxd6 57. cxd6+ Kd7 58. Kf5 Nc6 59. Kf6 Kd8 60. Ke6 Ke8 61. Nc5 Nb8 62. d7+ Nxd7 63. Nxd7 e4 64. Nf6+ Kf8 65. Nxe4 1-0


[Site "https://www.chess.com"]

[Event "Titled Tuesday Blitz July 11 Early 2023"]
[White "Concio, Michael Jr."]
[Black "Prestia, Paris"]
[WhiteFideId "5217873"]
[BlackFideId "30925959"]
[WhiteElo "2759"]
[BlackElo "2592"]
[Result "1/2-1/2"]
[Round "8"]
[TimeControl "180+2"]
[Date "2023.07.11"]
[WhiteClock "0:00:02"]
[BlackClock "0:00:10"]
[Board "32"]

1. e4 c5 2. Nc3 Nc6 3. g3 g6 4. d3 Bg7 5. Bg2 Rb8 6. Be3 d6 7. a4 a6 8. Qd2 b5 9. axb5 axb5 10. Nge2 b4 11. Nd1 Nd4 12. O-O e6 13. h4 h5 14. f3 Ne7 15. Kh2 Bd7 16. Nxd4 cxd4 17. Bg1 Qc7 18. f4 O-O 19. b3 Rfc8 20. Rf2 Ra8 21. Rxa8 Rxa8 22. Qxb4 Ra2 23. e5 Nf5 24. exd6 Nxd6 25. Re2 Nf5 26. Qb7 Rxc2 27. Qxc7 Rxc7 28. Nb2 Bc6 29. Rc2 Ne7 30. b4 Rc8 31. Bxc6 Rxc6 32. Rxc6 Nxc6 33. b5 Na5 34. Nc4 Nb7 35. Bf2 Kf8 36. Be1 Ke7 37. Bb4+ Kd7 38. Kg2 Kc7 39. Kf3 f5 40. Ke2 Bf6 41. Kd2 Nd8 42. Kc2 Nf7 43. Kb3 e5 44. Bd2 e4 45. Bb4 Kd7 46. Nd2 e3 47. Nf3 Nd8 48. Kc4 Ne6 49. Ba5 Kd6 50. Bb4+ Kd7 51. Ba5 Kd6 52. Bb6 Kd7 53. Ng1 Bd8 54. Bxd4 Nxd4 55. Kxd4 Kd6 56. Ne2 Bb6+ 57. Kc4 Ba5 58. d4 Be1 59. d5 Ba5 60. Kd3 Bb6 61. Nc3 Ba7 62. Ke2 Bc5 63. Kd3 Ba7 64. Kc4 Bb6 65. Ne2 Ba7 66. Nc1 Bb6 67. Ne2 Ba7 68. Nc3 Bb6 69. Kd3 Ba7 1/2-1/2


[Site "https://www.chess.com"]

[Event "Titled Tuesday Blitz July 11 Early 2023"]
[White "Mahdavi, Reza"]
[Black "Moskvin, Anatoly"]
[WhiteFideId "12595926"]
[BlackFideId "24199990"]
[WhiteElo "2759"]
[BlackElo "2537"]
[Result "1-0"]
[Round "8"]
[TimeControl "180+2"]
[Date "2023.07.11"]
[WhiteClock "0:01:50"]
[BlackClock "0:00:22"]
[Board "33"]

1. e4 e5 2. f4 d5 3. exd5 exf4 4. Nf3 Bd6 5. Nc3 Ne7 6. d4 O-O 7. Bd3 Bf5 8. O-O c6 9. dxc6 Nbxc6 10. Bxf5 Nxf5 11. Ne4 Re8 12. Nxd6 Qxd6 13. c3 Ne3 14. Bxe3 fxe3 15. Qd3 Re7 16. Rae1 Rae8 17. Ng5 Qh6 18. Qf5 Nd8 19. Re2 Qh5 20. Ree1 h6 21. Qh7+ 1-0


[Site "https://www.chess.com"]